details: 'King Creole lords over his domain'

« prev index next »

General information

Mini Map

Players

team 1
Random» Humanrip]t.w)i5t-308 (yellow | 51 APM | 2837 actions | 55:30)
Hero icon 9 Archmage
Ability icon 3 Summon Water Elemental
Ability icon 3 Brilliance Aura
Ability icon 1 Mass Teleport
Ability icon 2 Blizzard

» actions
Basic commands537
Build / train119
Enter build submenu30
Enter hero's abilities submenu9
Remove unit from queue1
Right click1387
Select / deselect657
Use ability97
2837 total
» units
Peasant30
Footman7
Rifleman11
Flying Machine17
Mortar Team10
75 total
» upgrades
Defend1
Long Rifles1
Masonry2
Gunpowder3
Flak Cannons1
Armor3
Plating1
12 total
» buildings
Barracks4
Farm13
Altar of Kings1
Lumber Mill2
Arcane Vault2
Town Hall4
Keep2
Blacksmith1
Scout Tower4
Guard Tower3
Castle2
Workshop2
40 total
» build order
00:20 Barracks
00:22 Farm
00:25 Farm
00:50 Altar of Kings
01:22 Lumber Mill
01:40 Farm
02:02 Farm
02:38 Farm
03:18 Arcane Vault
03:53 Town Hall
04:34 Keep
05:03 Blacksmith
05:30 Barracks
06:25 Scout Tower
07:13 Guard Tower
07:15 Scout Tower
07:35 Farm
07:37 Farm
07:39 Farm
08:04 Castle
08:12 Guard Tower
09:04 Farm
09:05 Farm
09:06 Farm
09:14 Scout Tower
09:15 Scout Tower
10:32 Guard Tower
11:01 Farm
11:02 Farm
13:13 Workshop
13:16 Workshop
23:47 Town Hall
26:23 Town Hall
33:11 Town Hall
38:08 Arcane Vault
40:03 Keep
40:08 Barracks
40:10 Barracks
43:14 Lumber Mill
44:18 Castle
» items
Scroll of Regeneration3
Scroll of Town Portal4
Periapt of Vitality1
Boots of Speed1
Staff of Teleportation1
Potion of Healing4
14 total
Undeadboris91776 (green | 18 APM | 620 actions | 34:31)
Hero icon 5 Dreadlord
Ability icon 3 Vampiric Aura
Ability icon 2 Carrion Swarm

» actions
Assign group hotkey9
Build / train50
Enter build submenu18
Enter hero's abilities submenu6
Remove unit from queue1
Right click183
Select / deselect166
Select group hotkey149
Use ability38
620 total
» units
Acolyte16
Ghoul9
Gargoyle2
Obsidian Statue1
28 total
» upgrades
Unholy Armor1
Unholy Strength1
Creature Attack2
Creature Carapace1
5 total
» buildings
Ziggurat7
Altar of Darkness1
Crypt1
Graveyard1
Tomb of Relics1
Halls of the Dead1
Black Citadel1
Sacrificial Pit1
Slaughterhouse1
Spirit Tower4
19 total
» build order
00:44 Ziggurat
00:47 Altar of Darkness
00:57 Crypt
01:06 Graveyard
01:22 Ziggurat
02:25 Tomb of Relics
03:08 Ziggurat
03:45 Halls of the Dead
08:20 Black Citadel
08:24 Sacrificial Pit
08:29 Slaughterhouse
08:34 Ziggurat
08:37 Ziggurat
10:14 Ziggurat
10:18 Ziggurat
11:02 Spirit Tower
11:03 Spirit Tower
15:24 Spirit Tower
15:26 Spirit Tower
» items
Rod of Necromancy1
Periapt of Vitality1
Potion of Lesser Invulnerability1
Potion of Healing2
5 total
Random» UndeadxXxTeam_WorkxXx (blue | 31 APM | 1077 actions | 34:36)
Hero icon 6 Death Knight
Ability icon 2 Death Coil
Ability icon 3 Unholy Aura
Ability icon 1 Animate Dead

» actions
Assign group hotkey11
Basic commands15
Build / train49
Enter build submenu14
Enter hero's abilities submenu6
Give item / drop item2
Remove unit from queue2
Right click671
Select / deselect159
Select group hotkey110
Use ability38
1077 total
» units
Acolyte10
Ghoul5
Crypt Fiend12
27 total
» upgrades
Web1
Burrow1
Necromancer Training2
Banshee Training2
Skeletal Longevity2
Skeletal Mastery1
9 total
» buildings
Graveyard1
Crypt2
Ziggurat5
Altar of Darkness1
Tomb of Relics1
Halls of the Dead1
Temple of the Damned2
Black Citadel1
14 total
» build order
00:14 Graveyard
00:18 Crypt
00:44 Ziggurat
01:02 Ziggurat
01:26 Altar of Darkness
02:36 Crypt
02:43 Tomb of Relics
02:57 Ziggurat
05:33 Ziggurat
05:35 Ziggurat
06:18 Halls of the Dead
08:47 Temple of the Damned
08:53 Temple of the Damned
12:53 Black Citadel
» items
Scroll of Town Portal2
2 total
HumanKingCreole (purple | 77 APM | 4294 actions | 55:31)
Hero icon 9 Archmage
Ability icon 3 Summon Water Elemental
Ability icon 3 Brilliance Aura
Ability icon 1 Mass Teleport
Ability icon 2 Blizzard

» actions
Assign group hotkey60
Basic commands464
Build / train207
ESC pressed4
Enter build submenu98
Enter hero's abilities submenu9
Give item / drop item4
Right click1388
Select / deselect727
Select group hotkey1085
Use ability248
4294 total
» units
Peasant31
Footman7
Rifleman8
Dragonhawk Rider5
Siege Engine2
Knight4
57 total
» upgrades
Gunpowder3
Armor3
Masonry3
Plating3
Swords4
Lumber Harvesting2
Long Rifles1
Animal War Training1
Barrage1
Cloud1
Magic Sentry1
Storm Hammers1
Priest Training2
Backpack1
Defend1
Sorceress Training2
Flak Cannons1
Flying Machine Bombs1
Fragmentation Shards1
Flare1
Control Magic1
35 total
» buildings
Altar of Kings1
Barracks2
Farm11
Blacksmith1
Scout Tower65
Arcane Tower5
Arcane Vault2
Lumber Mill1
Town Hall4
Guard Tower74
Keep2
Castle2
Gryphon Aviary2
Workshop2
Arcane Sanctum1
Cannon Tower2
177 total
» build order
00:03 Altar of Kings
00:07 Barracks
00:09 Farm
01:01 Farm
01:41 Blacksmith
02:13 Scout Tower
02:34 Farm
02:53 Arcane Tower
03:48 Arcane Vault
04:43 Farm
04:44 Farm
05:10 Lumber Mill
06:28 Town Hall
06:30 Scout Tower
06:31 Scout Tower
06:33 Scout Tower
06:34 Scout Tower
06:44 Farm
07:43 Guard Tower
07:43 Guard Tower
07:45 Guard Tower
07:45 Guard Tower
08:01 Guard Tower
08:01 Guard Tower
08:19 Keep
08:23 Scout Tower
08:25 Scout Tower
09:53 Scout Tower
09:55 Scout Tower
09:57 Scout Tower
10:16 Guard Tower
10:16 Guard Tower
10:29 Guard Tower
10:29 Guard Tower
10:29 Guard Tower
10:41 Castle
10:41 Castle
11:00 Guard Tower
11:16 Barracks
12:46 Gryphon Aviary
13:19 Gryphon Aviary
13:50 Workshop
14:07 Farm
14:42 Farm
15:16 Farm
17:37 Scout Tower
17:37 Scout Tower
17:39 Scout Tower
17:43 Scout Tower
17:46 Scout Tower
18:03 Farm
18:06 Guard Tower
18:07 Guard Tower
18:08 Guard Tower
18:08 Guard Tower
18:10 Guard Tower
18:10 Guard Tower
18:11 Guard Tower
18:18 Guard Tower
18:52 Scout Tower
18:55 Scout Tower
19:00 Scout Tower
19:00 Scout Tower
19:04 Scout Tower
19:05 Scout Tower
19:08 Scout Tower
19:12 Scout Tower
19:20 Arcane Sanctum
19:32 Guard Tower
19:32 Guard Tower
25:17 Town Hall
25:37 Scout Tower
25:37 Scout Tower
25:39 Scout Tower
25:39 Scout Tower
25:49 Scout Tower
26:18 Guard Tower
26:18 Guard Tower
26:23 Scout Tower
27:15 Guard Tower
28:45 Workshop
30:51 Scout Tower
30:53 Scout Tower
30:54 Scout Tower
30:55 Scout Tower
30:57 Scout Tower
31:00 Scout Tower
31:03 Scout Tower
31:25 Guard Tower
31:26 Guard Tower
31:26 Guard Tower
31:26 Guard Tower
31:27 Guard Tower
31:27 Guard Tower
31:27 Guard Tower
31:28 Guard Tower
31:29 Guard Tower
31:29 Guard Tower
31:35 Scout Tower
31:38 Scout Tower
31:39 Scout Tower
31:41 Scout Tower
31:46 Scout Tower
31:47 Scout Tower
31:49 Scout Tower
32:13 Scout Tower
32:17 Guard Tower
32:18 Guard Tower
32:23 Scout Tower
32:25 Scout Tower
32:55 Guard Tower
33:47 Guard Tower
33:47 Guard Tower
33:54 Scout Tower
33:56 Scout Tower
33:57 Scout Tower
33:58 Scout Tower
33:59 Scout Tower
34:01 Scout Tower
35:25 Town Hall
35:26 Guard Tower
35:26 Guard Tower
35:30 Guard Tower
35:30 Guard Tower
35:30 Guard Tower
35:30 Guard Tower
35:33 Scout Tower
35:35 Scout Tower
35:36 Scout Tower
35:37 Scout Tower
35:39 Scout Tower
36:02 Guard Tower
36:03 Guard Tower
36:10 Guard Tower
36:11 Guard Tower
36:20 Farm
36:37 Town Hall
37:33 Scout Tower
38:04 Arcane Tower
38:05 Arcane Tower
38:18 Arcane Vault
39:52 Scout Tower
39:53 Scout Tower
39:55 Scout Tower
39:58 Scout Tower
40:00 Scout Tower
40:02 Scout Tower
40:10 Scout Tower
40:19 Guard Tower
40:20 Guard Tower
40:20 Guard Tower
40:20 Guard Tower
40:32 Guard Tower
40:32 Guard Tower
40:59 Cannon Tower
41:00 Cannon Tower
» items
Scroll of Regeneration6
Lesser Clarity Potion1
Boots of Speed1
Scroll of Town Portal2
Potion of Healing1
Staff of Teleportation1
Mechanical Critter1
13 total
team 2
Undeaddaniel009 (pink | 40 APM | 1664 actions | 41:38)
Hero icon 5 Death Knight
Ability icon 3 Death Coil
Ability icon 2 Unholy Aura
Hero icon 4 Lich
Ability icon 2 Frost Nova
Ability icon 2 Frost Armor
Hero icon 1 Demon Hunter
Ability icon 1 Mana Burn

» actions
Assign group hotkey33
Basic commands2
Build / train84
Enter build submenu41
Enter hero's abilities submenu10
Give item / drop item2
Remove unit from queue4
Right click850
Select / deselect345
Select group hotkey200
Use ability93
1664 total
» units
Acolyte10
Ghoul10
Frost Wyrm3
Crypt Fiend5
Obsidian Statue1
29 total
» upgrades
Web1
Creature Attack3
Creature Carapace3
Ghoul Frenzy1
8 total
» buildings
Graveyard1
Crypt1
Ziggurat19
Altar of Darkness1
Halls of the Dead1
Nerubian Tower3
Tomb of Relics1
Black Citadel2
Sacrificial Pit1
Boneyard3
Slaughterhouse1
Spirit Tower2
Necropolis2
38 total
» build order
00:07 Graveyard
00:08 Crypt
00:41 Ziggurat
00:59 Altar of Darkness
02:25 Halls of the Dead
02:35 Ziggurat
02:43 Nerubian Tower
02:58 Tomb of Relics
03:14 Ziggurat
06:02 Black Citadel
06:02 Black Citadel
06:36 Sacrificial Pit
08:10 Ziggurat
08:24 Boneyard
08:26 Boneyard
08:29 Boneyard
08:32 Ziggurat
11:28 Ziggurat
11:30 Ziggurat
11:33 Slaughterhouse
11:36 Nerubian Tower
15:44 Ziggurat
15:46 Ziggurat
16:01 Ziggurat
17:23 Ziggurat
17:27 Ziggurat
17:48 Spirit Tower
19:24 Spirit Tower
21:01 Necropolis
23:50 Ziggurat
23:51 Ziggurat
26:27 Necropolis
27:23 Ziggurat
27:26 Ziggurat
27:28 Ziggurat
28:56 Ziggurat
29:08 Ziggurat
29:21 Nerubian Tower
» items
Rod of Necromancy1
Boots of Speed5
Scroll of Town Portal7
Potion of Healing3
Orb of Corruption1
Potion of Lesser Invulnerability2
Scroll of Protection3
22 total
Random» NightElfTiki_Taki (orange | 76 APM | 2056 actions | 26:58)
Hero icon 5 Demon Hunter
Ability icon 3 Mana Burn
Ability icon 2 Evasion
Hero icon 1 Priestess of the Moon
Ability icon 1 Trueshot Aura

» actions
Assign group hotkey49
Basic commands33
Build / train89
ESC pressed1
Enter build submenu31
Enter hero's abilities submenu9
Right click754
Select / deselect444
Select group hotkey579
Use ability67
2056 total
» units
Wisp16
Archer10
Huntress6
Chimaera8
Druid of the Claw2
Druid of the Talon1
Hippogryph5
48 total
» upgrades
Improved Bows1
Corrosive Breath1
Druid of the Claw Training2
Marksmanship1
Druid of the Talon Training1
Strength of the Wild2
Reinforced Hides1
Upgrade Moon Glaive1
10 total
» buildings
Altar of Elders1
Moon Well10
Ancient of War4
Hunter's Hall2
Tree of Ages4
Tree of Life2
Tree of Eternity5
Ancient of Wind2
Ancient of Lore3
Chimaera Roost3
36 total
» build order
00:09 Altar of Elders
00:12 Moon Well
01:31 Ancient of War
01:40 Hunter's Hall
01:43 Ancient of War
01:53 Ancient of War
01:56 Moon Well
02:06 Ancient of War
02:20 Moon Well
02:55 Moon Well
03:35 Tree of Ages
03:37 Tree of Ages
03:38 Tree of Ages
03:56 Moon Well
04:15 Hunter's Hall
04:56 Moon Well
05:00 Moon Well
05:12 Tree of Life
06:02 Tree of Eternity
06:04 Tree of Eternity
06:10 Ancient of Wind
08:09 Ancient of Lore
08:15 Ancient of Lore
08:33 Chimaera Roost
08:35 Chimaera Roost
08:35 Chimaera Roost
08:48 Ancient of Lore
15:11 Moon Well
15:33 Moon Well
15:58 Moon Well
19:33 Tree of Life
20:06 Ancient of Wind
» items
Scroll of Town Portal4
Scroll of Protection1
Scroll of Healing1
Boots of Speed1
7 total
NightElfCLoWN.FiGHT (teal | 28 APM | 38 actions | 01:20)

» actions
Build / train7
Enter build submenu2
Right click14
Select / deselect13
Use ability2
38 total
» units
Wisp7
7 total
» buildings
Altar of Elders1
Moon Well1
2 total
» build order
00:23 Altar of Elders
00:36 Moon Well
HumanLeTigre (red | 89 APM | 4919 actions | 55:30)
Hero icon 10 Blood Mage
Ability icon 3 Flame Strike
Ability icon 3 Siphon Mana
Ability icon 1 Summon Phoenix
Ability icon 3 Banish

» actions
Assign group hotkey364
Basic commands40
Build / train140
Enter build submenu69
Enter hero's abilities submenu10
Remove unit from queue2
Right click1878
Select / deselect628
Select group hotkey1485
Use ability303
4919 total
» units
Peasant22
Footman7
Goblin Shredder2
Sorceress4
Mortar Team12
Goblin Sapper6
Goblin Zeppelin1
54 total
» upgrades
Lumber Harvesting1
Masonry3
Sorceress Training1
Magic Sentry1
Gunpowder3
Armor3
Animal War Training1
Fragmentation Shards1
Flare1
Barrage1
Flak Cannons1
Swords1
Plating1
19 total
» buildings
Altar of Kings1
Barracks1
Farm9
Town Hall4
Arcane Vault1
Keep1
Lumber Mill1
Scout Tower78
Guard Tower14
Arcane Sanctum1
Castle1
Blacksmith2
Workshop2
116 total
» build order
00:53 Altar of Kings
00:55 Barracks
01:05 Farm
01:05 Farm
01:09 Farm
01:51 Farm
03:58 Town Hall
04:09 Arcane Vault
04:31 Keep
05:22 Lumber Mill
05:25 Farm
05:50 Scout Tower
05:53 Scout Tower
05:57 Scout Tower
06:00 Scout Tower
06:49 Farm
07:09 Guard Tower
08:12 Arcane Sanctum
08:50 Town Hall
08:58 Scout Tower
08:59 Scout Tower
08:59 Scout Tower
09:00 Scout Tower
10:51 Guard Tower
11:13 Castle
11:17 Blacksmith
11:18 Blacksmith
11:44 Scout Tower
11:47 Scout Tower
11:50 Scout Tower
11:52 Scout Tower
12:42 Guard Tower
13:48 Guard Tower
13:51 Workshop
14:16 Workshop
20:39 Farm
20:40 Farm
22:27 Town Hall
22:41 Scout Tower
22:41 Scout Tower
22:42 Scout Tower
22:42 Scout Tower
22:43 Scout Tower
22:43 Scout Tower
22:44 Scout Tower
22:45 Scout Tower
22:46 Scout Tower
22:47 Scout Tower
22:48 Scout Tower
22:54 Scout Tower
22:55 Scout Tower
22:56 Scout Tower
22:57 Scout Tower
22:57 Scout Tower
22:58 Scout Tower
22:59 Scout Tower
22:59 Scout Tower
23:21 Scout Tower
23:26 Guard Tower
23:50 Guard Tower
23:56 Town Hall
24:01 Scout Tower
24:02 Scout Tower
24:02 Scout Tower
24:04 Scout Tower
24:04 Scout Tower
24:05 Scout Tower
24:05 Scout Tower
24:06 Scout Tower
24:06 Scout Tower
24:08 Scout Tower
24:10 Scout Tower
24:13 Scout Tower
24:14 Scout Tower
24:14 Scout Tower
24:16 Scout Tower
24:16 Scout Tower
25:05 Guard Tower
25:07 Guard Tower
25:46 Guard Tower
27:47 Scout Tower
27:48 Scout Tower
27:49 Scout Tower
27:52 Scout Tower
27:53 Scout Tower
28:03 Scout Tower
28:03 Scout Tower
28:04 Scout Tower
28:06 Scout Tower
28:07 Scout Tower
28:07 Scout Tower
28:09 Scout Tower
28:09 Scout Tower
28:10 Scout Tower
28:11 Scout Tower
28:12 Scout Tower
28:12 Scout Tower
28:14 Scout Tower
28:14 Scout Tower
28:15 Scout Tower
28:16 Scout Tower
28:16 Scout Tower
28:29 Guard Tower
30:26 Guard Tower
30:29 Guard Tower
31:29 Guard Tower
31:33 Guard Tower
» items
Scroll of Regeneration8
Potion of Invisibility2
Boots of Speed2
Staff of Teleportation1
Scroll of Town Portal5
Potion of Healing7
Potion of Mana6
Lesser Clarity Potion5
Periapt of Vitality1
37 total

Chat log

(00:22 / Allies) xXxTeam_WorkxXx: Fiends
(00:26 / Allies) xXxTeam_WorkxXx: late frost
(00:29 / All) LeTigre: If you're looking for trouble
(00:32 / All) LeTigre: Just look right at my face
(00:36 / All) LeTigre: I was born standing up
(00:39 / All) LeTigre: and talking back
(00:45 / All) LeTigre: My daddy was a green eyed mountain jack!
(00:48 / All) KingCreole: He bends his string that's all he wrote, he goes by the name of King Creole. They kept shaking King Creole, King Creole.
(01:00 / All) LeTigre: Cuz I'm evil!
(01:14 / All) LeTigre: EVIL EVIL EVIL AS CAN BE
(01:16 / All) LeTigre: I
(01:20 / All) LeTigre: I'M EVVVVILLLL
(01:30 / All) LeTigre: |EVILL!L!L!L!L
(02:27 / All) xXxTeam_WorkxXx: People have very imaginitive mind on this game
(03:10 / Allies) xXxTeam_WorkxXx: 2 Undead 2 Human
(03:12 / Allies) xXxTeam_WorkxXx: Green
(03:16 / Allies) xXxTeam_WorkxXx: What units?
(03:27 / Allies) boris91776: gargs statz frosties
(03:38 / Allies) xXxTeam_WorkxXx: Alright
(03:47 / Allies) xXxTeam_WorkxXx: Fiends and necs some banshees
(03:47 / Allies) xXxTeam_WorkxXx: here

(05:31 / All) LeTigre: anyone else have like 2 second delay
(05:38 / Allies) rip]t.w)i5t-308: pretty bad
(05:51 / Allies) KingCreole: ?
(06:45 / Allies) rip]t.w)i5t-308: TP POEASE
(07:03 / Allies) rip]t.w)i5t-308: THX SO MUCH
(07:09 / Allies) xXxTeam_WorkxXx: np bro

(09:26 / Allies) rip]t.w)i5t-308: whats the plan gonna be?
(09:53 / Allies) xXxTeam_WorkxXx: CC
(09:54 / Allies) xXxTeam_WorkxXx: mass
(10:48 / All) LeTigre: I have huge delay
(11:14 / Allies) xXxTeam_WorkxXx: lol
(11:15 / Allies) rip]t.w)i5t-308: coming to help blue
(11:24 / Allies) rip]t.w)i5t-308: blue go back
(11:26 / Allies) rip]t.w)i5t-308: i'm here now
(11:41 / Allies) xXxTeam_WorkxXx: Green purp
(11:43 / Allies) xXxTeam_WorkxXx: hit bot
(11:56 / Allies) KingCreole: he sucks he has a delay, not worth it
(12:02 / Allies) boris91776: gold please
(12:52 / Allies) boris91776: gold pleae
(12:55 / Allies) KingCreole: wood
(13:07 / All) Tiki_Taki: hey dickheadds
(13:12 / Allies) xXxTeam_WorkxXx: ty
(13:13 / Allies) KingCreole: thanks
(13:28 / Allies) xXxTeam_WorkxXx: Gj guys
(14:11 / Allies) xXxTeam_WorkxXx: Im tp

(16:27 / Allies) boris91776: i need resources
(16:35 / All) rip]t.w)i5t-308: suicide?
(16:39 / All) xXxTeam_WorkxXx: lol
(17:17 / Allies) boris91776: purp can I get some gold
(17:38 / Allies) xXxTeam_WorkxXx: Mother fucker red
(18:37 / Allies) xXxTeam_WorkxXx: NOOOO
(18:59 / Allies) xXxTeam_WorkxXx: ty
(19:44 / Allies) rip]t.w)i5t-308: lets just finisht his shit
(19:51 / Allies) rip]t.w)i5t-308: meet here
(20:10 / Allies) xXxTeam_WorkxXx: Yo green
(20:16 / Allies) boris91776: yeah
(20:16 / Allies) xXxTeam_WorkxXx: wheres your units bro
(20:22 / Allies) boris91776: red got me
(20:27 / Allies) xXxTeam_WorkxXx: Ahh

(21:46 / Allies) rip]t.w)i5t-308: we just gotta end this
(21:49 / Allies) rip]t.w)i5t-308: finish out pink
(21:52 / Allies) rip]t.w)i5t-308: and they'll give up
(22:36 / All) xXxTeam_WorkxXx: Nice tp
(22:37 / All) xXxTeam_WorkxXx: lol
(22:46 / Allies) xXxTeam_WorkxXx: Tped right on him
(22:47 / Allies) xXxTeam_WorkxXx: lol
(23:32 / Allies) rip]t.w)i5t-308: WAKE UP PURPLE
(23:33 / Allies) rip]t.w)i5t-308: HOLY SHIT
(23:35 / Allies) KingCreole: lol
(23:40 / Allies) xXxTeam_WorkxXx: wow
(23:51 / Allies) KingCreole: It was guarding our flank
(23:59 / Allies) KingCreole: We aren't the Third Army, we don't have General S. Patton
(24:01 / Allies) rip]t.w)i5t-308: we should have ended thsi shtsi a long time ago
(24:03 / Allies) KingCreole: Gotta guard the flanks
(24:06 / Allies) rip]t.w)i5t-308: green is so fuckin useless lol
(24:13 / Allies) xXxTeam_WorkxXx: lol
(24:18 / Allies) boris91776: sorry got killed by red
(24:31 / Allies) rip]t.w)i5t-308: FOLLOW ME HOLY SHIT
(24:33 / Allies) KingCreole: keep pinging please
(25:10 / Allies) xXxTeam_WorkxXx: lol
(25:29 / Allies) xXxTeam_WorkxXx: We might actually lose this
(25:29 / Allies) KingCreole: Don't even try it
(25:52 / Allies) rip]t.w)i5t-308: BLUE
(25:56 / Allies) rip]t.w)i5t-308: HIT HIS ARMY
(25:58 / Allies) rip]t.w)i5t-308: IN THE BACK
(25:59 / All) KingCreole: My team is whiny as fuck.
(26:07 / Allies) rip]t.w)i5t-308: KILL THAT DH

(27:25 / Allies) xXxTeam_WorkxXx: Can a mechanical critter spot an invisible unit?
(27:29 / Allies) KingCreole: LOL
(27:34 / All) boris91776: red you fuck nut
(27:36 / All) KingCreole: "Can a mechanical critter spot an invisible unit?" -Blue
(28:05 / All) xXxTeam_WorkxXx: lol
(28:15 / All) xXxTeam_WorkxXx: What kind of base build is that pink
(28:16 / All) xXxTeam_WorkxXx: lol
(28:26 / All) xXxTeam_WorkxXx: Main is left wide open
(28:32 / All) xXxTeam_WorkxXx: not guarded or anything
(28:47 / Allies) xXxTeam_WorkxXx: Raiders woulda destroyed
(28:57 / All) rip]t.w)i5t-308: ???!?!
(29:32 / Allies) boris91776: back side
(30:32 / Allies) xXxTeam_WorkxXx: FUCK
(30:38 / Allies) xXxTeam_WorkxXx: We gotta kill red fast
(30:42 / Allies) xXxTeam_WorkxXx: hes massing towers
(31:01 / Allies) rip]t.w)i5t-308: it's 1v3 in a 4v4 game lol
(31:35 / Allies) rip]t.w)i5t-308: stop doing that blue
(31:39 / Allies) rip]t.w)i5t-308: wait till we get siege
(31:52 / Allies) rip]t.w)i5t-308: can u get ur hero back?
(32:40 / Allies) KingCreole: sup
(32:46 / Allies) rip]t.w)i5t-308: u wanna win?
(32:51 / Allies) KingCreole: Not really, no.
(32:56 / Allies) xXxTeam_WorkxXx: So many fucking towers
(32:57 / Allies) rip]t.w)i5t-308: didn't seem like it lol
(33:36 / All) xXxTeam_WorkxXx: gg
(33:40 / All) xXxTeam_WorkxXx: Purple Tk
(33:56 / All) rip]t.w)i5t-308: he can tk all he wants
(34:38 / Allies) rip]t.w)i5t-308: lol

(37:29 / All) LeTigre: lawl
(37:35 / All) LeTigre: delay fucked me
(37:41 / All) KingCreole: Your BM died?
(37:45 / All) LeTigre: yeah
(37:48 / All) KingCreole: i hope you don't lag out, would ruin the stab
(37:51 / All) LeTigre: it takes at least 1 second for commands to go thru for me
(38:42 / All) KingCreole: Don't let the stars get in your eyes don't let the moon break your heart. We shall stab until the daylight and not let the
(38:47 / All) KingCreole: stars get in our eyes
(39:02 / All) KingCreole: Flamechampion, sup.

(41:05 / All) daniel009: red
(41:12 / Allies) rip]t.w)i5t-308: lol
(41:28 / All) daniel009: lose cos red selfish when we fight 2vs 4
(41:34 / All) daniel009: gg
(41:40 / All) KingCreole: Thanks for the xp.
(41:42 / All) LeTigre: I told him I would invis him lol
(41:45 / All) LeTigre: I was gonna kill him
(41:48 / All) LeTigre: it would have been funny
(41:53 / All) LeTigre: but he refused to come get invised
(41:56 / All) LeTigre: fucking idiot
(42:27 / All) KingCreole: Do cannons even have any legitimate use in ladder? Guard towers are better in every way.
(42:34 / All) KingCreole: Cannons have fortified armour which is the only advantage
(42:41 / All) KingCreole: so I made one in the forward position for mass tp for example
(42:45 / All) KingCreole: gimmick building though
(43:11 / All) KingCreole: I could see it being useful vs mass riflemen or mass knights but it's easier to just hard counter those

(44:16 / All) LeTigre: lucky I have delay
(44:20 / All) LeTigre: I coukldn't banish him
(44:36 / All) KingCreole: I finished his AM for you.
(44:42 / All) rip]t.w)i5t-308: no worries purp had ur back
(44:43 / All) LeTigre: go ahead and stab
(44:56 / All) LeTigre: this lag is barely playable
(45:03 / All) rip]t.w)i5t-308: oh trust me
(45:04 / All) KingCreole: Let's finish it fast then so you don't lag out
(45:06 / All) rip]t.w)i5t-308: he's stabbing
(45:12 / All) LeTigre: Trust me, I know
(46:00 / All) KingCreole: Flamechamp could never use an army like mine this game
(46:02 / All) KingCreole: he can only do one thing
(46:02 / All) rip]t.w)i5t-308: lol
(46:53 / All) LeTigre: stats yellow
(47:14 / All) LeTigre: these people should be embarrassed abotu what I did do to them
(47:16 / All) LeTigre: with this delay
(47:28 / All) KingCreole: nice try lol
(47:31 / All) rip]t.w)i5t-308: lol
(47:32 / All) KingCreole: tp to my towers
(47:51 / All) rip]t.w)i5t-308: didn't have anywhere else to go my stabbin friend
(48:21 / All) KingCreole: He is 0-0 I think
(48:24 / All) KingCreole: hard name to /stats
(48:41 / All) rip]t.w)i5t-308: lol
(48:44 / All) rip]t.w)i5t-308: soon to be 0-1
(48:53 / All) KingCreole: Yeah, time for you to make a new account
(48:54 / All) LeTigre: 2-1
(48:58 / All) LeTigre: 2-2 now
(49:03 / All) rip]t.w)i5t-308: i should have made a new account 10 minutes ago
(49:06 / All) LeTigre: oh that5's solo
(49:17 / All) LeTigre: 99-82
(49:26 / All) KingCreole: Leave you get a tie
(49:28 / All) KingCreole: Stay you get a loss
(49:29 / All) rip]t.w)i5t-308: I just think this is lovely that you are going to all this time to get me a loss thinking that I care haha
(49:35 / All) rip]t.w)i5t-308: I'l stay then
(49:38 / All) rip]t.w)i5t-308: becus eI want ur ass to lose
(49:39 / All) rip]t.w)i5t-308: lol
(49:40 / All) LeTigre: yeah we do it specially for you
(49:47 / All) rip]t.w)i5t-308: I got a better idea
(49:48 / All) rip]t.w)i5t-308: i'll stay
(49:50 / All) rip]t.w)i5t-308: and get a loss
(49:53 / All) rip]t.w)i5t-308: becuase who gives a fuck
(49:58 / Allies) rip]t.w)i5t-308: in a 10 year old game lol
(49:59 / All) LeTigre: nah
(50:03 / All) LeTigre: because you want to somehow get a win
(50:07 / All) KingCreole: If you didn't care you would have already left
(50:08 / All) LeTigre: you care a lot!
(50:19 / All) rip]t.w)i5t-308: lol
(50:25 / All) rip]t.w)i5t-308: I am not expecting to get a win
(50:29 / All) rip]t.w)i5t-308: purple is killin his own shit
(50:42 / All) rip]t.w)i5t-308: I just think it's hilarious he think I care about losing
(50:44 / All) rip]t.w)i5t-308: in this old ass game
(50:54 / All) LeTigre: YOU CARE A LOT!
(50:58 / All) rip]t.w)i5t-308: I get tk'ed 1 in 3 games...I'm way passed caring haha
(50:59 / All) LeTigre: OOH OHH
(50:59 / All) LeTigre: IT'
(51:05 / All) LeTigre: S A DIRTY JOB BUT SOMEONE
(51:06 / All) KingCreole: If you don't care, leave and get a tie.
(51:09 / All) LeTigre: 'S GOT TO DO IT!
(51:14 / All) LeTigre: IT'S A DIRTY JOB BUT SOMEONE'S GOT TO DO IT
(51:17 / All) LeTigre: YOU CARE A LOT1
(51:21 / All) rip]t.w)i5t-308: afk - I'll return in 10 minuts and you better have tke'd your base by then purple
(51:32 / All) KingCreole: Yes sir.

(55:06 / All) KingCreole: Any last words if you are still here, yellow?
(55:16 / All) KingCreole: They say they went AFK but they usually never do
(55:24 / All) KingCreole: Vale.